AoeStats
← gnitaek

Arena

509708962Analyzed
3v3 RM · 4d ago on Sep 27, 2026· 25m 28s· 6 players
Game mode
Random Map
Map size
Normal (6 player)
Population
200
Speed
Normal
Resources
Standard
Victory
Conquest
Starting age
Dark Age
Ending age
Imperial Age
RankedLock teamsTeams togetherTeam positionsShared explorationLock speedFull tech treeHidden civsTurbo modeCheats
Victory
Defeat
🇲🇽 Byzantines · Mexico
1189
+17
🇫🇷 Hindustanis · France
1187
+17
🇺🇸 Gurjaras · United States
1167
+18
🇮🇪 Maya · Ireland
1248
-19
🇮🇪 Saracens · Ireland
1246
-18
🇮🇪 Dravidians · Ireland
1155
-15
BittenDork
10:25 Feudal Age
14:59 Castle Age
13:03 Double-Bit Axe
16:12 Bow Saw
15:52 Horse Collar
16:04 Loom
22:18 Wheelbarrow
24:44 Heavy Plow
27:19 Imperial Age
25:36 Scale Barding Armor
25:41 Forging
Cdeleon
10:54 Feudal Age
14:49 Castle Age
13:23 Loom
16:07 Double-Bit Axe
23:23 Imperial Age
21:23 Horse Collar
21:36 Gold Mining
24:23 Sanctity
24:25 Bow Saw
24:53 Gold Shaft Mining
25:23 Scale Barding Armor
25:53 Redemption
Bichir
11:01 Feudal Age
9:20 Loom
12:25 Loom
15:53 Castle Age
14:02 Scale Mail Armor
14:35 Stone Mining
15:28 Forging
16:21 Double-Bit Axe
Darkham
2:34 Loom
10:48 Feudal Age
13:30 Double-Bit Axe
16:28 Castle Age
16:59 Wheelbarrow
16:22 Horse Collar
gnitaek
11:04 Feudal Age
15:13 Castle Age
13:17 Double-Bit Axe
13:54 Horse Collar
17:10 Fletching
17:59 Loom
19:48 Wheelbarrow
20:30 Bow Saw
21:28 Heavy Plow
24:19 Hand Cart
24:23 Town Watch
24:02 Crossbowman
25:29 Scale Barding Armor
25:34 Forging
berserker-latko
0:26 Loom
10:59 Feudal Age
14:42 Castle Age
12:48 Double-Bit Axe
13:53 Fletching
14:51 Horse Collar
16:11 Bow Saw
18:25 Bodkin Arrow
Connection lost

Rejoining the realm…

Still unreachable

The connection could not be restored.

Session expired

The server has moved on; the page needs a fresh start.